 Dungeon Crawl Stone Soup version 0.21.1-1-g345015fe64 (webtiles) character file.

471 DildoBatman the Skirmisher (level 7, -1/56 HPs)
             Began as a Formicid Enchanter on Apr 24, 2018.
             Slain by a black bear (7 damage)
             ... on level 6 of the Dungeon.
             The game lasted 00:13:06 (4687 turns).

DildoBatman the Skirmisher (Formicid Enchanter)     Turns: 4687, Time: 00:13:07

Health: -1/56      AC:  5    Str: 18    XL:     7   Next: 31%
Magic:  5/10       EV: 11    Int: 15    God:
Gold:   261        SH:  0    Dex: 11    Spells: 6/10 levels left

rFire    . . .     SeeInvis +   a - +2 dagger (venom)
rCold    . . .     Gourm    .   (no shield)
rNeg     . . .     Faith    .   y - +0 ring mail
rPois    .         Spirit   .   (helmet unavailable)
rElec    .         Reflect  .   (no cloak)
rCorr    .         Harm     +   (no gloves)
MR       .....                  (no boots)
Stlth    +++.......             F - amulet of harm
HPRegen  0.18/turn              J - ring of stealth
MPRegen  0.12/turn              z - +4 ring of strength

@: very slightly contaminated
A: permanent stasis, dig shafts and tunnels, four strong arms, antennae 3
a: Dig, Shaft Self


You were on level 6 of the Dungeon.
You were hungry.

You visited 1 branch of the dungeon, and saw 6 of its levels.

You collected 261 gold pieces.

Inventory:

Hand Weapons
 a - a +2 dagger of venom (weapon)
 b - a +2 trident of flaming
 c - a +0 hunting sling
 e - a +0 dagger of draining
 f - a +1 antimagic dagger
Missiles
 j - 166 stones (quivered)
 l - 18 arrows
 o - 37 poisoned needles
 B - 69 bolts
 H - 4 tomahawks
 I - 2 steel tomahawks
Armour
 y - a +0 ring mail (worn)
Jewellery
 q - an uncursed ring of protection from cold
 w - an uncursed ring of protection from fire
 z - a +4 ring of strength (right hand)
 A - an uncursed ring of protection from fire
 F - an amulet of harm (around neck)
 J - a ring of stealth (left hand)
Scrolls
 d - 2 scrolls of fog {unknown}
 i - 4 scrolls of identify {unknown}
 k - a scroll of remove curse {unknown}
 n - 2 scrolls of fear {unknown}
 p - 2 scrolls of amnesia {unknown}
 t - a scroll of random uselessness {unknown}
 u - a scroll of immolation {unknown}
 x - a scroll of magic mapping {unknown}
 D - a scroll of enchant armour {unknown}
 E - 2 scrolls of teleportation {unknown}
Potions
 g - a potion of magic {unknown}
 h - a potion of agility
 m - a potion of heal wounds {unknown}
 r - 3 potions of haste {unknown}
 C - a potion of might
 G - a potion of ambrosia {unknown}
Books
 s - a book of Maledictions

   Spells                             Type                      Level
   a - Corona                         Hexes                        1
   b - Ensorcelled Hibernation        Hexes/Ice                    2
   c - Confuse                        Hexes                        3
   d - Tukima's Dance                 Hexes                        3
   e - Dazzling Spray                 Conjuration/Hexes            3
Comestibles
 v - 12 rations
 K - 7 chunks of flesh


   Skills:
 * Level 5.4 Fighting
 - Level 1.0 Short Blades
 * Level 4.3 Armour
 * Level 2.3 Dodging
 * Level 4.5 Stealth
 - Level 2.1 Spellcasting
 - Level 3.6 Hexes


You had 6 spell levels left.
You knew the following spells:

 Your Spells              Type           Power        Failure   Level  Hunger
a - Corona                Hex            ##.....      9%          1    #......
b - Confuse               Hex            ##......     24%         3    ###....


Dungeon Overview and Level Annotations

Branches:
Dungeon (6/15)             Temple (0/1) D:5

Altars:
Cheibriados
Dithmenos
Gozag
Qazlal
Ru
Uskayaw
Xom
The Shining One

Annotations:
D:4 exclusion: orc, Grinder
D:5 hofbold's ghost, novice OpBe


Innate Abilities, Weirdness & Mutations

You cannot be hasted, slowed, berserked, paralysed or teleported.
You can dig through walls and to a lower floor.
Your four strong arms can wield two-handed weapons with a shield.
You have a pair of large antennae on your head. (SInv)


Message History

There is an open door here.
Found a shimmering altar of Xom and a bloodstained altar of Trog.
You see here 2 potions of agility.
Found three altars.
The black bear looks more healthy.
The altar is a mimic!
The altar mimic snickers and vanishes in a puff of smoke!
The black bear goes berserk!
The altar is a mimic!
The altar mimic snickers and vanishes in a puff of smoke!
The black bear closely misses you. The black bear barely misses you.
The black bear misses you.
The altar is a mimic!
The altar mimic chortles and vanishes in a puff of smoke!
You extend your mandibles.
You dig through the rock wall.
A water moccasin comes into view.
The black bear bites you.
You die... ..... .... #. {h.# ######. ...# ....... ...# ....... { ... hS.....

.# { .......########### (#
..........#.8.8.8.8.# ##
#..........@8ยง.._.._8# #
#..........#h........# #
#..........#.........# #
##..........#8.......8#
#####...........#......._.#
................#8.......8#
.)...?..........####...####
#####..............#...#
####..#............#.!.#


You could see a water moccasin (wandering) and 2 black bears.

Vanquished Creatures
  2 scorpions
  A hound (D:4)
  An orc priest (D:6)
  An orc wizard (D:5)
  4 worker ants
  A hound skeleton (D:6)
  A worker ant zombie (D:5)
  3 gnolls (D:6)
  5 adders
  2 adder skeletons (D:5)
  A worm (D:3)
  2 dart slugs
  3 leopard geckos
  10 orcs
  7 bats
  3 giant cockroaches
  7 goblins
  4 hobgoblins
  7 jackals (D:2)
  4 kobolds
  3 quokkas
  4 ball pythons
  2 frilled lizards (D:3)
  A leopard gecko skeleton (D:4)
  4 rats
83 creatures vanquished.

Notes
Turn   | Place    | Note
-------+----------+-------------------------------------------
     0 | D:1      | DildoBatman the Formicid Enchanter began the quest for the Orb.
     0 | D:1      | Reached XP level 1. HP: 13/13 MP: 3/3
   247 | D:1      | Reached skill level 1 in Fighting
   391 | D:1      | Reached XP level 2. HP: 20/22 MP: 3/5
   620 | D:1      | Reached skill level 2 in Fighting
  1089 | D:2      | Reached XP level 3. HP: 20/28 MP: 2/6
  1112 | D:2      | Learned a level 3 spell: Confuse
  1364 | D:2      | Reached skill level 3 in Fighting
  1567 | D:2      | Reached XP level 4. HP: 32/35 MP: 7/7
  1660 | D:2      | Reached skill level 1 in Armour
  2694 | D:4      | Reached XP level 5. HP: 41/41 MP: 8/8
  3001 | D:4      | Found a sacrificial altar of Ru.
  3034 | D:4      | Reached XP level 6. HP: 22/47 MP: 7/9
  3040 | D:4      | Found a hide-covered altar of Uskayaw.
  3204 | D:4      | Noticed Grinder
  3317 | D:4      | Reached skill level 4 in Fighting
  3573 | D:4      | Found a glowing golden altar of the Shining One.
  3602 | D:5      | Entered Level 5 of the Dungeon
  3819 | D:5      | Noticed hofbold's ghost (novice OpBe)
  3913 | D:5      | Reached skill level 5 in Fighting
  4092 | D:5      | Found a stormy altar of Qazlal.
  4160 | D:5      | Reached XP level 7. HP: 39/56 MP: 1/10
  4388 | D:5      | Found a snail-covered altar of Cheibriados.
  4418 | D:5      | Found a staircase to the Ecumenical Temple.
  4676 | D:6      | Found a hide-covered altar of Uskayaw.
  4678 | D:6      | Found a shimmering altar of Xom.
  4678 | D:6      | Found a bloodstained altar of Trog.
  4680 | D:6      | Found a shadowy altar of Dithmenos.
  4680 | D:6      | Found an opulent altar of Gozag.
  4680 | D:6      | Found a hide-covered altar of Uskayaw.
  4687 | D:6      | Noticed a water moccasin
  4687 | D:6      | Slain by a black bear

Skill      XL: |  1  2  3  4  5  6 |
---------------+-------------------+-----
Fighting       | 1 2 3 5 |  5.4
Dodging        | 2 |  2.3
Armour         | 3 4 |  4.3
Stealth        | 4 |  4.5
Short Blades   | |  1.0
Spellcasting   | |  2.1
Hexes          | |  3.6

Action                   |  1- 3 |  4- 6 |  7- 9 || total
-------------------------+-------+-------+-------++-------
Melee: Dagger            |   107 |   121 |    24 ||   252
       Trident           |       |     4 |     9 ||    13
 Cast: Corona            |    20 |    21 |    10 ||    51
       Confuse           |     1 |     1 |     2 ||     4
 Abil: Dig               |     2 |     2 |     3 ||     7
  Use: Potion            |     2 |       |       ||     2
 Stab: Sleeping          |     3 |     6 |       ||     9
       Confused          |       |       |     1 ||     1
  Eat: Chunk             |     3 |     8 |     3 ||    14
Armor: Leather armour    |    32 |     2 |       ||    34
       Ring mail         |       |    33 |    17 ||    50
Dodge: Dodged            |    68 |    58 |    22 ||   148
